 Dungeon Crawl Stone Soup version 0.31-a0-188-g5e087ee2ca (webtiles) character file.

Game seed: 9761033311060844170

257 lessens the Ruffian (level 6, -1/45 HPs)
             Began as a Ghoul Conjurer on June 24, 2023.
             Slain by a gnoll
             ... wielding a +0 halberd
             ... led by a gnoll bouda
              (5 damage)
             ... on level 4 of the Dungeon.
             The game lasted 00:05:23 (3606 turns).

lessens the Ruffian (Ghoul Conjurer)                Turns: 3606, Time: 00:05:24

Health: -1/45      AC:  5    Str: 13    XL:     6   Next: 16%
Magic:  7/7        EV: 11    Int: 19    God:
Gold:   120        SH:  0    Dex:  7    Spells: 7/8 levels left

rFire   . .          .
                       - Unarmed
rCold   + . .        (no shield)
rNeg    + + +        a - +0 robe
rPois   ∞            (no helmet)
rElec   .            c - +2 cloak
rCorr   .            (no gloves)
SInv    .            (no boots)
Will    .....        (no amulet)
Stlth   ++           e - +6 ring of intelligence
HPRegen 0.00/turn    (no ring)
MPRegen 0.10/turn

%: no passive effects
@: inhibited regen
A: claws 1, cold resistance 1, negative energy resistance 3, inhibited
regeneration, torment resistance 2, devour on kill
a: no special abilities


You were on level 4 of the Dungeon.
You visited 1 branch of the dungeon, and saw 4 of its levels.

You collected 162 gold pieces.
You spent 42 gold pieces at shops.

Inventory:

Missiles
 i - 33 stones
 k - 5 poisoned darts
Armour
 a - a +0 robe (worn)
 c - a +2 cloak (worn)
 g - a +2 helmet
Jewellery
 e - a +6 ring of intelligence (left claw)
Scrolls
 d - 2 scrolls of noise
 h - a scroll of fear
 j - a scroll of revelation {unknown}
 l - 2 scrolls of vulnerability {unknown}
 n - 4 scrolls of teleportation
 p - a scroll of fog {unknown}
 r - a scroll of identify
 s - a scroll of amnesia {unknown}
Potions
 b - a potion of magic
 f - 2 potions of attraction
 m - a potion of berserk rage
 o - 2 potions of degeneration
 q - a potion of curing {unknown}


   Skills:
 - Level 1.7 Dodging
 - Level 2.1 Stealth
 + Level 6.4 Unarmed Combat
 - Level 1.7 Spellcasting
 - Level 3.2 Conjurations


You had 7 spell levels left.
You knew the following spells:

 Your Spells              Type           Power      Damage    Failure   Level
a - Magic Dart            Conj           56%        1d5       4%          1

Your spell library contained the following spells:

 Spells                   Type           Power      Damage    Failure   Level
 Searing Ray              Conj           28%        2d5       7%          2
 Dazzling Flash           Conj/Hex       14%        N/A       26%         3
 Fulminant Prism          Conj/Hex       3%         3d5       65%         4
 Iskenderun's Mystic Bla  Conj/Tloc      7%         2d4       65%         4
 Summon Forest            Summ/Tloc      0%         N/A       99%         5
 Eringya's Noxious Bog    Tmut/Pois      0%         N/A       100%        6
 Summon Hydra             Summ           0%         N/A       100%        7


Dungeon Overview and Level Annotations

Branches:
Dungeon (4/15) Zot: 20408
 Temple: D:4-7

Altars:
Ashenzari
Hepliaklqana
Uskayaw

Shops:
D:3 [   D:4 ?


Innate Abilities, Weirdness & Mutations

You are immune to poison.
You have sharp fingernails.
Your flesh is cold resistant. (rC+)
You are immune to negative energy. (rN+++)
You do not regenerate when monsters are visible.
You are immune to unholy pain and torment.
You thrive by killing the living.


Message History

No target in view!
You see here a +1 whip of freezing.
There are monsters nearby!
There are monsters nearby!
The gnoll shouts! x2; The hobgoblin shouts!
The gnoll bouda shouts!
You scratch the hobgoblin.
You kill the hobgoblin!
The gnoll closely misses you. The gnoll closely misses you.
The gnoll bouda barks out a call to the hunt!
The gnoll picks up the pace!
The gnoll hits you from afar with a +0 halberd.
You closely miss the gnoll. The gnoll hits you with a +0 spear.
The gnoll barely misses you.
The gnoll hits you from afar with a +0 spear.
The gnoll hits you from afar with a +0 halberd!
You aren't carrying any items that you can evoke.
Okay, then.
The gnoll barely misses you.
The gnoll hits you from afar with a +0 halberd.
You scratch the gnoll.
The gnoll is lightly wounded.
The gnoll barely misses you.
You claw the gnoll!
The gnoll is severely wounded.
The gnoll misses you. The gnoll hits you with a +0 spear.
You scratch the gnoll.
The gnoll is severely wounded.
The gnoll hits you from afar with a +0 halberd!
* * * LOW HITPOINT WARNING * * *
The gnoll hits you with a +0 spear.
* * * LOW HITPOINT WARNING * * *
You closely miss the gnoll.
The gnoll is severely wounded.
The gnoll closely misses you. The gnoll misses you.
You barely miss the gnoll.
The gnoll is severely wounded.
The gnoll hits you from afar with a +0 halberd.
You die...

# #.............+
#####.###.##..........##
.......>......##........
########.####.##.#####.#
#........###)##.#..#
#.##.......#.#..#..#
#.......#.#.##..#
#....)..#.#.##..#
#.......#.#@##..#
#.###'###.#g##..# #.###.#
#.#g#.g.# #.#...#
#.#g#.#.#######
#.#####.#..†........#
#....##.####.##..#########
#...<#...g..|...?.........
##...######.####g.########
#...##....gc.............


You could see a gnoll bouda and 2 gnolls.

Vanquished Creatures
  A hound (D:3)
  Jessica (D:2)
  An orc wizard (D:3)
  4 gnolls
  7 adders
  2 worms
  3 dart slugs
  An orc (D:3)
  3 endoplasms
  7 goblins
  8 hobgoblins
  2 jackals (D:4)
  2 kobolds (D:1)
  5 quokkas
  4 ball pythons
  5 bats
  2 frilled lizards
  6 rats
64 creatures vanquished.

Notes
Turn   | Place    | Note
-------+----------+-------------------------------------------
     0 | D:1      | lessens the Ghoul Conjurer began the quest for the Orb.
     0 | D:1      | Reached XP level 1. HP: 14/14 MP: 2/2
    77 | D:1      | Reached skill level 1 in Unarmed Combat
    88 | D:1      | Reached XP level 2. HP: 20/20 MP: 0/3
   279 | D:1      | Reached skill level 2 in Unarmed Combat
   987 | D:1      | Reached XP level 3. HP: 26/26 MP: 0/4
  1260 | D:2      | Found a hide-covered altar of Uskayaw.
  1270 | D:2      | Reached skill level 3 in Unarmed Combat
  1389 | D:2      | Noticed Jessica
  1393 | D:2      | Killed Jessica
  1394 | D:2      | Reached skill level 4 in Unarmed Combat
  1394 | D:2      | Reached XP level 4. HP: 33/33 MP: 0/5
  2009 | D:3      | Found a broken altar of Ashenzari.
  2212 | D:3      | Reached skill level 5 in Unarmed Combat
  2212 | D:3      | Reached XP level 5. HP: 38/38 MP: 1/6
  2657 | D:3      | Found Pevus's Antique Armour Emporium.
  2920 | D:3      | Found a hazy altar of Hepliaklqana.
  3125 | D:4      | Found Jearhoc's Magic Scroll Shoppe.
  3136 | D:4      | Reached skill level 6 in Unarmed Combat
  3145 | D:4      | Bought a scroll of teleportation for 42 gold pieces
  3221 | D:4      | Noticed a centaur
  3400 | D:3      | Reached XP level 6. HP: 7/45 MP: 7/7
  3606 | D:4      | Slain by a gnoll

Illustrated notes

Levels and vault maps discovered:
D:1:      matt_arrival_refuge, layout_basic
D:2:      layout_basic, basic_altar, minmay_misc_feat_doors,
          minmay_misc_feat_rows, uniq_jessica
D:3:      layout_loops_cross, worldfamousw_hep_ancestral_shrine,
          nicolae_ashenzari_skybound, serial_shops, nicolae_shop_real_fake_doors
D:4:      layout_basic, fedhas_altar_3, serial_shops,
          nicolae_shop_pleasant_corner_grove, saegor_snake_ambush

Skill      XL: |  1  2  3  4  5 |
---------------+----------------+-----
Unarmed Combat | 1 2 4 5 6 |  6.4
Dodging        | |  1.7
Stealth        | |  2.1
Spellcasting   | |  1.7
Conjurations   | |  3.2

Action                     |  1- 3 |  4- 6 || total
---------------------------+-------+-------++-------
  Melee: Unarmed           |    43 |   134 ||   177
         Punch             |     1 |     1 ||     2
   Cast: Magic Dart        |    42 |    35 ||    77
    Use: Scroll            |       |     5 ||     5
   Stab: Sleeping          |       |     1 ||     1
 Armour: Robe              |    14 |    40 ||    54
  Dodge: Dodged            |    21 |    82 ||   103

Table legend: (Time is in decaauts)
 A = Elapsed time spent in this place.
 B = Non-inter-level travel time spent in this place.
 C = Inter-level travel time spent in this place.
 D = Time resting spent in this place.
 E = Time spent auto-exploring this place.
 F = Levels seen in this place.
 G = Mean time per level.
                   A        B        C        D        E       F      G
               +--------+--------+--------+--------+--------+-----+--------+
         Total |   3590 |   3485 |    105 |    352 |   2628 |   4 |  897.5 |
       Dungeon |   3590 |   3485 |    105 |    352 |   2628 |   4 |  897.5 |
               +--------+--------+--------+--------+--------+-----+--------+

Top non-repeatable levels by time:
     D:1: 1153 daAuts
     D:3: 1141 daAuts
     D:2: 1068 daAuts
     D:4: 227 daAuts

Levels and vault maps discovered:
D:1:      matt_arrival_refuge, layout_basic
D:2:      layout_basic, basic_altar, minmay_misc_feat_doors,
          minmay_misc_feat_rows, uniq_jessica
D:3:      layout_loops_cross, worldfamousw_hep_ancestral_shrine,
          nicolae_ashenzari_skybound, serial_shops, nicolae_shop_real_fake_doors
D:4:      layout_basic, fedhas_altar_3, serial_shops,
          nicolae_shop_pleasant_corner_grove, saegor_snake_ambush
